 Dungeon Crawl Stone Soup version 0.31-a0-460-g9e667d4245 (webtiles) character file.

Game seed: 12881568249907977867

94 Lorrdernie the Ruffian (level 4, -21/32 HPs)
             Began as a Merfolk Shapeshifter on Aug 5, 2023.
             Demolished by an ogre
             ... wielding a +0 giant club
              (31 damage)
             ... on level 3 of the Dungeon.
             The game lasted 00:02:41 (1649 turns).

Lorrdernie the Ruffian (Merfolk Shapeshifter)       Turns: 1649, Time: 00:02:42

Health: -21/32     AC:  5    Str: 15    XL:     4   Next: 63%
Magic:  4/4        EV: 11    Int:  9    God:
Gold:   122        SH:  0    Dex: 14    Spells: 3/3 levels left

rFire   . .          .
                       - Unarmed
rCold   . . .        (no shield)
rNeg    . . .        f - +0 ring mail
rPois   .            (helmet currently unavailable)
rElec   .            (cloak currently unavailable)
rCorr   .            (gloves currently unavailable)
SInv    .            (boots currently unavailable)
Will    .....        (no amulet)
Stlth   +            (no ring)
HPRegen 0.25/turn    (no ring)
MPRegen 0.09/turn

%: no passive effects
@: beast-form, slowed, very slow
A: beast (slay +3), (nimble swimmer 2), mertail
a: Begin Untransformation


You were on level 3 of the Dungeon.
You were a hulking beast.
You visited 1 branch of the dungeon, and saw 3 of its levels.

You collected 122 gold pieces.

Inventory:

Armour
 a - a +0 animal skin
 f - a +0 ring mail (worn)
Talismans
 c - a beast talisman (active)
Scrolls
 e - a scroll of identify
Potions
 b - a potion of lignification
 d - 2 potions of ambrosia
 g - a potion of curing {unknown}


   Skills:
 - Level 1.1 Fighting
 - Level 2.6 Dodging
 * Level 5.1 Unarmed Combat
 + Level 4.8 Shapeshifting


You had 3 spell levels left.
You didn't know any spells.
Your spell library contained the following spells:

 Spells                   Type           Power      Damage    Failure   Level
 Ensorcelled Hibernation  Hex/Ice        0%         N/A       77%         2
 Passwall                 Tmut/Erth      0%         N/A       77%         2
 Summon Guardian Golem    Hex/Summ       0%         N/A       94%         3
 Swiftness                Air            0%         N/A       94%         3
 Orb of Destruction       Conj           0%         9d5       100%        7
 Spellforged Servitor     Conj/Summ      0%         N/A       100%        7


Dungeon Overview and Level Annotations

Branches:
Dungeon (3/15)

Altars:

Shops:
D:1 [


Innate Abilities, Weirdness & Mutations

You are a hulking beast.
Your limbs bulge with bestial killing power. (Slay +3)
((You are very nimble when in or above water. (Stealth+, EV+, Speed+++)))
Your lower body shifts to a powerful aquatic tail in water.


Message History

Natasha attacks as you move away! Natasha claws you.
Natasha attacks as you move away! Natasha claws you.
Natasha stares at you and mumbles some strange words.
You feel yourself slow down.
Natasha mumbles some strange words.
You hit the endoplasm.
The endoplasm is severely wounded.
The endoplasm freezes you.
You are frozen.
The cerulean imp misses you. The endoplasm hits you.
You hit the endoplasm.
You kill the endoplasm!
The cerulean imp hits you with a +0 spear.
Natasha claws you.
You hit Natasha. Your punch misses Natasha.
Natasha is heavily wounded.
The cerulean imp hits you but does no damage.
Natasha casts a spell at you. The magic dart hits you.
The cerulean imp barely misses you.
You punch Natasha!
Natasha is almost dead.
Natasha claws you but does no damage.
The cerulean imp hits you with a +0 spear.
Natasha claws you.
* * * LOW HITPOINT WARNING * * *
You hit Natasha.
You kill Natasha!
Natasha screams in fury as she dies!
The cerulean imp disappears in a puff of smoke!
Your Unarmed Combat skill increases to level 5!
You hit the ogre.
The ogre is lightly wounded.
The ogre barely misses you.
You hit the ogre.
The ogre is moderately wounded.
The ogre closely misses you.
You hit the ogre.
The ogre is moderately wounded.
The ogre hits you with a +0 giant club!!
Ouch! That really hurt!
You die...

......?........#####.....#
#[........................#
##..........#..............#
...........$###.............[
##.#.#.#.....................
.........######.....).>.....#
...#..<### ##.............
......## #O#........###
...#.. #h.###... .....#
#.......... .....
.......#..... ....#
######........ (.#. #........
.... #...#.... ..###.... ...
..


You could see an ogre.

Vanquished Creatures
  Natasha (D:3)
  2 adders (D:2)
  2 worms (D:2)
  4 dart slugs
  4 endoplasms
  A giant cockroach (D:2)
  A hobgoblin (D:2)
  3 jackals (D:2)
  3 quokkas
  4 ball pythons
  A bat (D:2)
  3 frilled lizards
  2 goblins
  5 kobolds
  2 rats
38 creatures vanquished.

Notes
Turn   | Place    | Note
-------+----------+-------------------------------------------
     0 | D:1      | Lorrdernie the Merfolk Shapeshifter began the quest for the
                  | Orb.
     0 | D:1      | Reached XP level 1. HP: 15/15 MP: 1/1
   255 | D:1      | Reached XP level 2. HP: 16/21 MP: 2/2
   588 | D:1      | Found a faded altar of an unknown god.
   612 | D:1      | Found Imuroen's Antique Armour Shop.
   954 | D:2      | Reached skill level 4 in Unarmed Combat
   954 | D:2      | Reached XP level 3. HP: 7/26 MP: 3/3
  1510 | D:3      | Noticed Natasha
  1513 | D:3      | Reached XP level 4. HP: 32/32 MP: 4/4
  1625 | D:3      | Noticed an ogre
  1646 | D:3      | Killed Natasha
  1647 | D:3      | Reached skill level 5 in Unarmed Combat
  1649 | D:3      | Demolished by an ogre

Illustrated notes

Levels and vault maps discovered:
D:1:      onia_arrival_mini_spirals, layout_loops_ring,
          hellmonk_ecumenical_altar_inner_sanctum, serial_shops,
          nicolae_shop_hallway_stairs
D:2:      layout_rooms, kennysheep_generic_room_15
D:3:      layout_rooms, serial_shops, shop, cheibrodos_sewer_entry_drain,
          minmay_liquid_box, uniq_crazy_yiuf_cottage, uniq_natasha

Skill      XL: |  1  2  3  4 |
---------------+-------------+-----
Unarmed Combat | 4 5 |  5.1
Fighting       | |  1.1
Dodging        | |  2.6
Shapeshifting  | |  4.8

Action                     |  1- 3 |  4- 6 || total
---------------------------+-------+-------++-------
  Melee: Unarmed           |    92 |    11 ||   103
         Punch             |     1 |       ||     1
    Use: Scroll            |       |     2 ||     2
   Stab: Sleeping          |     2 |       ||     2
 Armour: Animal skin       |     1 |       ||     1
         Ring mail         |    15 |     9 ||    24
  Dodge: Dodged            |    40 |    13 ||    53

Table legend: (Time is in decaauts)
 A = Elapsed time spent in this place.
 B = Non-inter-level travel time spent in this place.
 C = Inter-level travel time spent in this place.
 D = Time resting spent in this place.
 E = Time spent auto-exploring this place.
 F = Levels seen in this place.
 G = Mean time per level.
                   A        B        C        D        E       F      G
               +--------+--------+--------+--------+--------+-----+--------+
         Total |   1651 |   1538 |    113 |    282 |    988 |   3 |  550.3 |
       Dungeon |   1651 |   1538 |    113 |    282 |    988 |   3 |  550.3 |
               +--------+--------+--------+--------+--------+-----+--------+

Top non-repeatable levels by time:
     D:1: 993 daAuts
     D:2: 545 daAuts
     D:3: 112 daAuts
